 Dungeon Crawl Stone Soup version 0.19.5 (webtiles) character file.

64 Megalobster the Chopper (level 3, 0/46 HPs)
             Began as a Minotaur Berserker on Apr 15, 2017.
             Was a Believer of Trog.
             Slain by Sigmund
             ... wielding a +3 scythe of flaming
              (5 damage)
             ... on level 2 of the Dungeon.
             The game lasted 00:02:50 (1551 turns).

Megalobster the Chopper (Minotaur Berserker)        Turns: 1551, Time: 00:02:50

Health: 0/46       AC:  2    Str: 27    XL:     3   Next: 91%
Magic:  2/2        EV: 12    Int:  4    God:    Trog [**....]
Gold:   56         SH:  0    Dex:  9    Spells: 0 memorised, 2 levels left

rFire  . . .     SeeInvis .     a - +0 hand axe
rCold  . . .     Gourm    .     b - +0 animal skin
rNeg   . . .     Faith    .     (no shield)
rPois  .         Spirit   .     (helmet restricted)
rElec  .         Reflect  .     (no cloak)
rCorr  .         Harm     .     (no gloves)
MR     .....                    (no boots)
Stlth  ..........               (no amulet)
                                (no ring)
                                (no ring)

@: berserking, very quick
A: retaliatory headbutt, horns 2
a: Berserk, Trog's Hand, Burn Spellbooks, Renounce Religion


You were on level 2 of the Dungeon.
You worshipped Trog.
Trog was pleased with you.
You were not hungry.

You visited 1 branch of the dungeon, and saw 2 of its levels.

You collected 56 gold pieces.

Inventory:

Hand Weapons
 a - a +0 hand axe (weapon)
 l - a +2 flail of draining
Missiles
 d - 86 stones (quivered)
 e - 8 sling bullets
 j - 7 exploding tomahawks
Armour
 b - a +0 animal skin (worn)
 g - a +0 pair of gloves
 m - a +3 scale mail of fire resistance
Wands
 k - a wand of paralysis (6/24)
Scrolls
 f - a scroll of recharging {unknown}
 h - 3 scrolls of identify {unknown}
Potions
 c - a potion of agility {unknown}
 i - 2 potions of curing {unknown}


   Skills:
 - Level 3.6 Fighting
 * Level 5.9 Axes
 - Level 2.4 Armour
 - Level 2.1 Dodging


You had 2 spell levels left.
You didn't know any spells.

Dungeon Overview and Level Annotations

Branches:
Dungeon (2/15)

Altars:
Dithmenos

Annotations:
D:2 Sigmund


Innate Abilities, Weirdness & Mutations

You reflexively headbutt those who attack you in melee.
You have a pair of horns on your head.


Message History

Sigmund burns you. The frilled lizard bites you.
You closely miss the frilled lizard. The frilled lizard barely misses you.
You barely miss the frilled lizard.
Your headbutt misses the frilled lizard.
Sigmund casts a spell.
Sigmund flickers and vanishes!
Deactivating autopickup; reactivate with Ctrl-A.
You slash the frilled lizard!
You kill the frilled lizard!
Trog accepts your kill. Something hits you but does no damage.
You see here a frilled lizard corpse.
You slash something! You barely miss something. Your headbutt misses something.
Something hits you! Something burns you.
You closely miss something. You miss something. You headbutt something.
Something hits you!
* * * LOW HITPOINT WARNING * * *
Something burns you.
You die...

.# ### #.# ..# ##.##
####.# #...## # # ....#
....### #..#. #!.#
......
#.....##..####.#.#
#..{@.†..(....#
#.###..####.### #..# #.#
^...# #.# ###########
#.# #........#
#.######### #.######.#
#...[.....# #.# #.#
#.)######.#
#.######.#####..##...#.#


There were no monsters in sight!

Vanquished Creatures
  Terence (D:2)
  An adder (D:2)
  A dart slug (D:2)
  A leopard gecko (D:1)
  2 giant cockroaches
  A goblin (D:1)
  3 hobgoblins
  4 jackals (D:1)
  A bat (D:1)
  3 frilled lizards
  6 kobolds
  4 rats
28 creatures vanquished.

Notes
Turn   | Place    | Note
-------+----------+-------------------------------------------
     0 | D:1      | Megalobster the Minotaur Berserker began the quest for the Orb.
     0 | D:1      | Reached XP level 1. HP: 19/19 MP: 0/0
   112 | D:1      | Reached skill level 4 in Axes
   330 | D:1      | Reached XP level 2. HP: 26/26 MP: 1/1
   913 | D:2      | Found a shadowy altar of Dithmenos.
   920 | D:2      | Reached skill level 5 in Axes
   922 | D:2      | Reached XP level 3. HP: 19/31 MP: 2/2
  1124 | D:2      | Noticed Terence
  1130 | D:2      | Killed Terence
  1257 | D:2      | Reached ** piety under Trog
  1540 | D:2      | Noticed Sigmund
  1551 | D:2      | Slain by Sigmund

Skill      XL: |  1  2 |
---------------+-------+-----
Axes           | 4 5 |  5.9
Fighting       | |  3.6
Armour         | |  2.4
Dodging        | |  2.1

Action                   || total
-------------------------++-------
Melee: Hand axe          ||    55
       Headbutt          ||     8
Invok: Berserk           ||     3
  Eat: Bread ration      ||     1
       Chunk             ||     1
Armor: Animal skin       ||     6
Dodge: Dodged            ||    43
